[Event "Qatar Masters 2024"]
[Site "Doha"]
[Date "2024.12.03"]
[Round "1.37"]
[White "Abdulla, Murad"]
[Black "Shuvalova, Polina"]
[Result "0-1"]
[Annotator "RC"]
[ECO "B22"]
[WhiteElo "2329"]
[BlackElo "2495"]
[PlyCount "128"]
[EventDate "2024.11.24"]
[EventType "swiss"]
[EventCountry "QAT"]
[SourceTitle "playchess.com"]
[Source "ChessBase"]
[SourceQuality "1"]
[TimeControl "40/5400+30:1800+30"]

1. e4 c5 2. c3 Nf6 3. e5 Nd5 4. Nf3 Nc6 5. Bc4 Nb6 6. Bb3 c4 7. Bc2 d6 8. exd6 Qxd6 9. d4 cxd3 10. Qxd3 Qxd3 11. Bxd3 e5 12. O-O Be7 13. Re1 f6 14. a4 a5 15. Bc2 Kf7 16. Na3 Be6 17. Be3 Nd5 18. Bd2 g5 19. Rad1 Rad8 20. Nb5 h5 21. Bc1 h4 22. h3 Rd7 23. Nh2 Rhd8 24. Ng4 Bc5 25. Nh6+ Kf8 26. Bf5 Bxf5 27. Nxf5 Kf7 28. Ne3 Bxe3 29. fxe3 Nb6 30. Rxd7+ Nxd7 31. b4 Nb6 32. bxa5 Nxa5 33. Ba3 Nbc4 34. Bb4 Nb3 35. e4 b6 36. Nc7 Rd7 37. Nd5 f5 38. Ne3 Nxe3 39. Rxe3 f4 40. Re1 Kf6 41. Re2 Nd2 42. a5 bxa5 43. Bxa5 Nc4 44. Bb4 Rd1+ 45. Kf2 Nd2 46. Re1 Rxe1 47. Kxe1 Nxe4 48. Ke2 Ke6 49. c4 Nf6 50. Ba5 Nd7 51. Bd8 Kf5 52. Be7 e4 53. c5 Ne5 54. Bf8 Nc6 55. Bg7 g4 56. hxg4+ Kxg4 57. Kf1 e3 58. Bf6 h3 59. gxh3+ Kxh3 60. Ke2 Kg2 61. Bh4 Ne5 62. Be1 Nc4 63. c6 f3+ 64. Kd3 f2 0-1

[Event "Qatar Masters 2024"]
[Site "Doha"]
[Date "2024.12.03"]
[Round "1.38"]
[White "Madaminov, Mukhiddin"]
[Black "Ankit Ray"]
[Result "1/2-1/2"]
[Annotator "TA"]
[ECO "D37"]
[WhiteElo "2501"]
[BlackElo "2320"]
[PlyCount "136"]
[EventDate "2024.11.24"]
[EventType "swiss"]
[EventCountry "QAT"]
[SourceTitle "playchess.com"]
[Source "ChessBase"]
[SourceQuality "1"]
[TimeControl "40/5400+30:1800+30"]

1. c4 e6 2. Nc3 d5 3. d4 h6 4. Nf3 Nf6 5. a3 a6 6. c5 {[%emt 0:05:18] D37: Queen's Gambit Declined: 5 Bf4.} Nc6 7. Bf4 g5 $146 ({Predecessor:} 7... b6 8. cxb6 cxb6 9. Rc1 Bb7 10. e3 Be7 11. h3 O-O 12. Bd3 Rc8 13. O-O Na5 {1-0 Sargsyan,S (2628)-Sargissian,G (2681) Wch Blitz Warsaw 2021 (14)}) 8. Bg3 Nh5 9. e3 Nxg3 10. hxg3 Bg7 11. Qc2 O-O 12. g4 b6 13. cxb6 cxb6 14. Bd3 Ra7 15. Rc1 Rc7 16. Qd1 Re8 17. Bb1 e5 18. dxe5 Nxe5 19. Nxe5 Rxe5 20. O-O h5 21. gxh5 g4 22. Ne2 Rxc1 23. Qxc1 Rxh5 24. Rd1 Be5 25. g3 Bb7 26. Be4 $1 Qa8 $1 27. Bg2 d4 $1 28. e4 $1 Bxe4 29. Nf4 Rh6 $1 30. Re1 Bxg2 31. Nxg2 Rh5 32. Nh4 Kg7 33. Qd1 Qc8 (33... Rg5 $1 $15) 34. Re4 $11 Rg5 35. Qe2 f6 36. Ng2 Qc1+ 37. Ne1 Kh6 38. Kf1 d3 39. Qxd3 Qxb2 (39... b5 {simplifies} 40. b4 Qc3 41. Re2 Qxd3 42. Nxd3 Rf5) 40. Rb4 Qc3 41. Rxb6 Rh5 ({Black should play} 41... a5 $11) 42. Qe4 $14 (42. Rxa6 $2 {loses.} Rh1+ 43. Kg2 Qxe1 $19) 42... Qd4 43. Qxd4 Bxd4 44. Rxa6 Rh2 45. Nd3 (45. Ng2 $16) 45... Rh1+ $1 $11 46. Ke2 Ra1 47. Nb4 Kg5 $1 48. Nc2 Ra2 49. Rc6 Ba7 50. Rc4 f5 51. a4 Kf6 52. f3 gxf3+ 53. Kxf3 Rb2 54. a5 Rb3+ 55. Kg2 Bb8 56. Rc6+ Kg5 57. Nd4 Rxg3+ 58. Kf1 Ra3 59. a6 Kg4 60. Rg6+ Kf4 61. Nb5 Ra5 62. Rb6 Be5 $1 63. Ke2 Ke4 $1 64. Nd6+ Bxd6 65. Rxd6 Ra2+ 66. Rd2 Rxa6 67. Rb2 (67. Kf2 $11) 67... Kf4 $15 68. Kf2 Ke5 (68... Kg4 $15) 1/2-1/2

[Event "Qatar Masters 2024"]
[Site "Doha"]
[Date "2024.12.03"]
[Round "1.39"]
[White "Omar, Noaman"]
[Black "Fawzy, Adham"]
[Result "0-1"]
[Annotator "TA"]
[ECO "E87"]
[WhiteElo "2315"]
[BlackElo "2498"]
[PlyCount "80"]
[EventDate "2024.11.24"]
[EventType "swiss"]
[EventCountry "QAT"]
[SourceTitle "playchess.com"]
[Source "ChessBase"]
[SourceQuality "1"]
[TimeControl "40/5400+30:1800+30"]

1. d4 Nf6 2. c4 g6 3. Nc3 Bg7 4. e4 d6 5. f3 O-O 6. Be3 e5 7. d5 Nh5 8. Qd2 f5 9. O-O-O Nd7 10. Nge2 Ndf6 11. h3 f4 12. Bf2 b6 13. Kb1 a5 14. Rg1 Nd7 {[%emt 0:02:27] The position is equal.} 15. Nc1 Nc5 16. Bd3 Bd7 17. Bc2 Qe7 18. Nb5 Be8 19. Bxc5 bxc5 20. Nb3 Qd8 21. a4 Qb8 22. Nxa5 Qb6 23. Nc6 Bxc6 24. dxc6 Nf6 25. Nc3 Rfb8 26. b3 Qxc6 27. Kc1 ({Better is} 27. Ka2) 27... Kh8 $17 {[%emt 0:02:19] Black is more active.} 28. Nd5 {[%emt 0:03:03] [#]} Nh5 $1 29. Nc3 Qb7 {[%emt 0:02:52] White is weak on the dark squares} 30. Qd3 Bf8 31. Ne2 (31. h4 $17) 31... c6 (31... Be7 $19 32. Nc3 Ng7) 32. Qc3 Kg8 33. Rd2 Qc7 34. Kd1 Be7 35. g3 fxg3 36. f4 $2 {[%emt 0:00:44] [#]} (36. Nxg3 {nothing else works.} Nf4 37. Rh2) 36... exf4 $19 {[%emt 0:00:36] Black is clearly winning.} ({Less strong is} 36... Nxf4 37. Qxg3 Rf8 38. Kc1 $17) 37. e5 dxe5 38. Qf3 Rd8 {[%emt 0:00:15] And now ...Rxd2+ would win.} 39. Rxd8+ Rxd8+ 40. Kc1 Kg7 {[%emt 0:00:54] Weighted Error Value: White=0.39/Black=0.06 (flawless) .  Mistake:       	White=3     	Black=1      Inaccurate:     	White=4     	---        OK:         	White=6     	Black=14     Best:        	---       	Black=1} 0-1

[Event "Qatar Masters 2024"]
[Site "Doha"]
[Date "2024.12.03"]
[Round "1.40"]
[White "Kazhgaleyev, Murtas"]
[Black "Sriansh Das"]
[Result "1-0"]
[Annotator "RC"]
[ECO "D28"]
[WhiteElo "2488"]
[BlackElo "2315"]
[PlyCount "105"]
[EventDate "2024.11.24"]
[EventType "swiss"]
[EventCountry "QAT"]
[SourceTitle "playchess.com"]
[Source "ChessBase"]
[SourceQuality "1"]
[TimeControl "40/5400+30:1800+30"]

1. Nf3 d5 2. e3 Nf6 3. c4 dxc4 4. Bxc4 e6 5. O-O c5 6. Qe2 a6 7. Rd1 Nc6 8. d4 Qc7 9. Nc3 Be7 10. dxc5 Bxc5 11. h3 O-O 12. e4 Nh5 13. Be3 Nf4 14. Qd2 Bxe3 15. Qxe3 b5 16. Bf1 Bb7 17. a4 b4 18. Nb1 e5 19. Nbd2 Rad8 20. Nb3 Ne6 21. Rdc1 Qe7 22. Rc4 Rd6 23. Rac1 Rfd8 24. Nc5 Ned4 25. Nxd4 exd4 26. Qf4 Rf6 27. Qh4 Ne5 28. Nxb7 Nf3+ 29. gxf3 Rg6+ 30. Qg4 Rxg4+ 31. hxg4 Qxb7 32. Rc7 Qa8 33. Bc4 Rf8 34. Bxf7+ Kh8 35. Be6 d3 36. Rd1 Qb8 37. Rc6 Rd8 38. Kg2 Qe5 39. Rxd3 Rf8 40. b3 a5 41. Rd5 Qf4 42. Rf5 Rxf5 43. exf5 h5 44. Rc8+ Kh7 45. Bg8+ Kh8 46. Bf7+ Kh7 47. Bxh5 Qd2 48. Bf7 Kh6 49. Bc4 Kg5 50. Rc5 Qd8 51. Rd5 Qc7 52. f6+ Kxf6 53. Rf5+ 1-0

[Event "Qatar Masters 2024"]
[Site "Doha"]
[Date "2024.12.03"]
[Round "1.41"]
[White "Ezat, Mohamed"]
[Black "Srihari L R"]
[Result "0-1"]
[Annotator "TA"]
[ECO "A40"]
[WhiteElo "2312"]
[BlackElo "2484"]
[PlyCount "74"]
[EventDate "2024.11.24"]
[EventType "swiss"]
[EventCountry "QAT"]
[SourceTitle "playchess.com"]
[Source "ChessBase"]
[SourceQuality "1"]
[TimeControl "40/5400+30:1800+30"]

1. d4 e6 2. c4 b6 3. Nc3 Bb4 4. e4 Bb7 5. Qc2 Qh4 6. Bd3 Bxc3+ 7. bxc3 f5 $1 8. g3 $1 (8. exf5 $2 {perishes.} Bxg2 $19) 8... Qh5 {[%emt 0:00:03] The position is equal.} 9. Be2 (9. f3 $142) 9... Qf7 $11 10. Bf3 fxe4 11. Bxe4 Bxe4 12. Qxe4 Nc6 13. Ba3 (13. Qe2 $11) 13... Nf6 $36 {[%emt 0:05:48][%mdl 2048] Black is in control.} 14. Qe2 Qg6 15. Nf3 Qe4 16. Bb4 {[%emt 0:03:36] [#]} a5 (16... d6 $1 $17 17. Rf1 O-O) 17. Ba3 $15 a4 (17... d6 $15 {might be stronger.} 18. Rd1 Kd7) 18. Bb4 {[%emt 0:00:21] White is weak on the light squares} (18. Qxe4 $11 {keeps the balance.} Nxe4 19. Nd2) 18... Nxb4 $17 19. cxb4 O-O 20. a3 d5 {[%emt 0:02:09] Black has more active pieces.} 21. c5 bxc5 22. dxc5 Rae8 23. h3 $2 {[%emt 0:05:56] This costs White the game.} (23. Qe3 $17) 23... e5 $19 24. Rf1 Qf5 25. Nh4 Qxh3 26. O-O-O Ne4 27. Kb2 c6 28. Rde1 Qe6 29. g4 g6 {[%emt 0:00:49][%cal Od5d4] Black is clearly winning.} 30. Ka1 Qf6 31. Ng2 Qf3 32. Ne3 Qxe2 33. Rxe2 d4 34. Nc4 Ng3 35. Rfe1 Nxe2 36. Rxe2 e4 37. Nd6 {[%emt 0:00:44] [#]} e3 $1 {[%emt 0:00:13] Weighted Error Value: White=0.79/Black=0.25 (precise) .  Loses game:     	White=1     	---        Mistake:       	White=3     	Black=2      Inaccurate:     	White=4     	Black=1      OK:         	White=3     	Black=10     Best:        	White=2     	Black=5      Strong:       	White=1     	Black=1} 0-1

[Event "Qatar Masters 2024"]
[Site "Doha"]
[Date "2024.12.03"]
[Round "1.42"]
[White "Chanda, Sandipan"]
[Black "Priansh Das"]
[Result "1/2-1/2"]
[Annotator "TA"]
[ECO "E73"]
[WhiteElo "2480"]
[BlackElo "2311"]
[PlyCount "55"]
[EventDate "2024.11.24"]
[EventType "swiss"]
[EventCountry "QAT"]
[SourceTitle "playchess.com"]
[Source "ChessBase"]
[SourceQuality "1"]
[TimeControl "40/5400+30:1800+30"]

1. d4 Nf6 2. c4 g6 3. Nc3 Bg7 4. e4 d6 5. Be2 O-O 6. h4 c5 7. d5 e6 8. h5 exd5 9. exd5 Qb6 (9... Re8 $11 {was preferrable.}) 10. h6 Bh8 {[%emt 0:00:47] White is slightly better.} 11. Nf3 Bg4 12. Ng5 Bxe2 13. Qxe2 Nbd7 14. Be3 (14. Kf1 $11) 14... Qa5 (14... Ne5 $1 $15) 15. O-O Rae8 16. Nb5 Qb6 17. a4 {[%emt 0:00:27] aiming for a5.} Ne5 $1 18. a5 Qd8 19. Nxa7 {[%emt 0:02:32] [#]} Nfg4 (19... Neg4 $1 $17 {[%cal Rg4e3] White must now prevent ...Nxe3!} 20. Ra3 Nxe3 21. Rxe3 Qxa5) 20. a6 (20. Bf4 $11 {keeps the balance.}) 20... bxa6 (20... Nxe3 {is interesting.} 21. Qxe3 bxa6 22. Qf4 Qb6) 21. Rxa6 Nxe3 $1 22. Qxe3 Nxc4 23. Qf4 Nxb2 ({Black should try} 23... Be5 $17 24. Qg4 Bxb2) 24. Nf3 $1 $11 (24. Rxd6 Be5 25. Rxd8 Bxf4 26. Rxe8 Rxe8) 24... Nd3 25. Qc4 Nb2 26. Qf4 Nd3 27. Qc4 Nb2 28. Qf4 {Weighted Error Value: White=0.20 (precise) /Black=0.23 (precise) .  Mistake:       	White=2     	Black=4      Inaccurate:     	White=1     	Black=1      OK:         	White=5     	Black=7      Best:        	---       	Black=1      Strong:       	White=1     	Black=2} 1/2-1/2

[Event "Qatar Masters 2024"]
[Site "Doha"]
[Date "2024.12.03"]
[Round "1.43"]
[White "Jin, Yueheng"]
[Black "Kukhmazov, Arsen"]
[Result "1/2-1/2"]
[Annotator "TA"]
[ECO "E05"]
[WhiteElo "2309"]
[BlackElo "2480"]
[PlyCount "81"]
[EventDate "2024.11.24"]
[EventType "swiss"]
[EventCountry "QAT"]
[SourceTitle "playchess.com"]
[Source "ChessBase"]
[SourceQuality "1"]
[TimeControl "40/5400+30:1800+30"]

1. c4 e6 2. g3 d5 3. Bg2 Nf6 4. Nf3 Be7 5. O-O O-O 6. d4 dxc4 7. Qc2 a6 8. a4 b6 9. Ne5 Ra7 10. Rd1 Bb7 11. Bxb7 {[%emt 0:12:04] White is slightly better.} ({Much weaker is} 11. Nxc4 Bxg2 12. Kxg2 Nc6 $11) 11... Rxb7 {[%emt 0:00:50] The position is equal.} 12. Qxc4 c5 13. Nc3 cxd4 14. Rxd4 Qc8 15. Qxc8 Rxc8 16. Be3 Nbd7 17. Nxd7 Rxd7 18. Rxd7 Nxd7 19. Rd1 Nc5 20. Rd4 f5 21. Rc4 {[%emt 0:00:44] [#] Black must now prevent b4.} a5 22. Bd4 Kf7 23. Kg2 h5 24. h4 g6 25. Na2 Rd8 26. Nc1 Rd5 27. f4 Bd6 28. Nd3 Nxd3 29. exd3 Bc5 30. Bxc5 bxc5 $11 {[%emt 0:00:01][%mdl 4096] Endgame. KR-KR} 31. Rc3 Ke7 32. Rb3 Rd4 33. Rb5 Rxa4 {[%emt 0:04:46] [#] aiming for ...Kd6.} 34. Rxc5 Ra2 35. Rb5 a4 {[%emt 0:01:06] Threatens to win with ...a3.} 36. Kf3 a3 37. bxa3 Rxa3 38. Ke3 Ra1 39. Rb7+ Kf6 40. Rb6 Rg1 41. Kf2 {[%emt 0:00:25] Weighted Error Value: White=0.03 (flawless) /Black=0.01 (flawless) .  Inaccurate:     	White=1     	---        OK:         	White=14    	Black=20     Best:        	White=2     	Black=1} 1/2-1/2

[Event "Qatar Masters 2024"]
[Site "Doha"]
[Date "2024.12.03"]
[Round "1.44"]
[White "Saydaliev, Saidakbar"]
[Black "Jain Kashish Manoj"]
[Result "1/2-1/2"]
[Annotator "TA"]
[ECO "A11"]
[WhiteElo "2473"]
[BlackElo "2308"]
[PlyCount "88"]
[EventDate "2024.11.24"]
[EventType "swiss"]
[EventCountry "QAT"]
[SourceTitle "playchess.com"]
[Source "ChessBase"]
[SourceQuality "1"]
[TimeControl "40/5400+30:1800+30"]

1. Nf3 d5 2. g3 Nf6 3. c4 c6 4. Bg2 dxc4 5. O-O Nbd7 6. Qc2 Nb6 {[%emt 0:00:14] A11: English Opening: 1...c6.} 7. b3 cxb3 8. axb3 Bg4 9. Ne5 $146 ({Predecessor:} 9. Bb2 e6 10. d4 Bf5 11. Qc1 Be7 12. Nbd2 Ne4 13. Nc4 O-O 14. Ne3 Bg6 15. Ne5 {1-0 Chan,P (2158)-Spiess,T (1986) WchT Seniors 50 2018 (1.7)}) 9... Qc8 10. Nxg4 Qxg4 11. e4 Qd7 12. Bb2 e6 13. d4 Be7 14. Nd2 O-O 15. Rfd1 Rfd8 16. Nf1 Ne8 17. Ne3 Nc7 18. h4 Bf8 19. h5 h6 20. f4 Nb5 21. Kh2 Qe7 22. Qe2 Rd7 23. Rd3 Rad8 24. Rad1 Qe8 25. Ng4 c5 26. d5 $1 exd5 27. Bf6 {[%emt 0:03:57] [#]} (27. Nxh6+ $11 Kh8 (27... gxh6 28. Qg4+ Kh7 29. Qf5+ Kg8 30. Qg4+ Kh7 31. Qf5+ Kg8 32. Qg4+ $11) 28. Nf5) 27... Nd4 (27... gxf6 28. Nxf6+ Kh8 29. Qg4 $18 (29. Nxe8 Rxe8 30. Qa2 f5 $18)) (27... c4 $1 $15 28. R3d2 d4 (28... gxf6 $2 29. Nxf6+ Kh8 30. Qg4 $18) 29. Nxh6+ (29. Bxd8 Rxd8 30. Qf3 a5 $17) 29... Kh8 (29... gxh6 30. Qg4+ Kh7 31. Qf5+ Kg8 32. Qxb5 $14)) 28. Bxd4 cxd4 (28... dxe4 $2 29. Nf6+ gxf6 30. Qg4+ Kh7 31. Qf5+ Kg8 32. Bxe4 $18 (32. Qxe4 $2 Qxe4 33. Bxe4 Rxd4 $19) (32. Qxe4 $2 Qxe4 33. Bxe4 Rxd4 $19)) 29. e5 Rc7 (29... Bc5 $15) 30. Rxd4 $11 Rdc8 (30... Bc5 $11 31. R4d3 a5) 31. R1d2 (31. Bxd5 $6 Rc2 32. R1d2 Rxd2 33. Qxd2 (33. Rxd2 Nxd5 34. Rxd5 Rc1 $11) 33... Bc5 $11) (31. Ne3 $1 $16) 31... Bc5 32. R4d3 Bb4 33. Ra2 a6 (33... Rc3 $1 $11 {keeps the balance.}) 34. Ne3 $16 (34. Bxd5 Nxd5 35. Rxd5 Qe6 $15) 34... Rc3 35. Rxc3 (35. Bxd5 Nxd5 36. Nxd5 Rxd3 37. Qxd3 Bf8) (35. Nxd5 Rxd3 36. Qxd3 Rd8 $11) 35... Rxc3 36. Nxd5 (36. Bxd5 $2 Bc5 37. Nd1 Nxd5 $17) 36... Nxd5 37. Bxd5 Qe7 (37... a5 $16) 38. Bc4 $2 ({White should play} 38. Qe4 $1 $18) 38... b5 $14 {[%emt 0:00:30] [#]} 39. Qe4 $2 (39. Bd5 $1 $11 Rc5 (39... Qc5 40. Bf3) 40. Be4) 39... bxc4 $19 40. Rxa6 Qd7 (40... Rxb3 $2 41. Ra8+ $18 (41. Qxc4 $2 Rb2+ 42. Kh3 Qd7+ 43. e6 fxe6 $19) (41. Qxc4 $2 Rb2+ 42. Kh3 Qd7+ 43. e6 fxe6 $19)) 41. Ra8+ Bf8 42. bxc4 Rd3 ({Worse is} 42... Qg4 43. Rxf8+ Kxf8 44. Qa8+ Ke7 45. Qb7+ Kd8 46. Qa8+ Kc7 (46... Ke7 47. Qb7+ Ke8 48. Qb8+ Kd7 49. Qb5+ Kc8 50. Qc5+ Kb7 51. Qb4+ Kc8 52. Qxc3 $14) 47. Qa5+ Kc6 48. Qb5+ (48. Qxc3 Qxh5+ 49. Kg1 Qe2 $11) 48... Kc7 49. Qa5+ Kc6 50. Qb5+ (50. Qxc3 Qxh5+ 51. Kg2 Qe2+ 52. Kg1 g6 $11) 50... Kc7 51. Qc5+ Kd7 52. Qd4+ Kc6 53. Qxc3 $11) (42... Qd1 $142 43. Rxf8+ Kxf8 44. Qa8+ Ke7 45. Qb7+ Ke6 46. f5+ Kxe5 47. Qe7+ Kxf5 48. Qxf7+ Ke4 49. Qb7+ Kd3 50. Qd7+ Kc2 (50... Kxc4 $2 51. Qxd1 Kb5 52. Qb1+ Kc6 53. Qe4+ Kb5 54. Qb7+ Ka5 55. Qxg7 $18)) 43. f5 $19 Rd2+ 44. Kh3 {[%emt 0:00:00] [#]} Qe7 $1 1/2-1/2

[Event "Qatar Masters 2024"]
[Site "Doha"]
[Date "2024.12.03"]
[Round "1.45"]
[White "Moosavifar, Seyed Abolfazl"]
[Black "Ayush Sharma"]
[Result "0-1"]
[Annotator "TA"]
[ECO "B81"]
[WhiteElo "2308"]
[BlackElo "2464"]
[PlyCount "84"]
[EventDate "2024.11.24"]
[EventType "swiss"]
[EventCountry "QAT"]
[SourceTitle "playchess.com"]
[Source "ChessBase"]
[SourceQuality "1"]
[TimeControl "40/5400+30:1800+30"]

1. e4 c5 2. Nf3 d6 3. d4 cxd4 4. Nxd4 Nf6 5. Nc3 a6 6. h3 e6 7. g4 h6 8. Bg2 Nc6 9. Be3 Be7 10. Qd2 Nxd4 11. Bxd4 b5 (11... e5 $5 12. Be3 $8 b5 $11) 12. a4 b4 13. Ne2 e5 14. Be3 a5 15. f4 O-O 16. Ng3 Qc7 17. O-O Rd8 18. Kh1 {[%emt 0:14:52] [#]} d5 $1 19. Qf2 (19. exd5 Nxd5 20. fxe5 (20. Bxd5 $2 Rxd5 21. Qf2 Bh4 $19) 20... Nxe3 (20... Qxe5 21. Nf5 $17) 21. Qxe3 Bg5 $17) (19. fxe5 Nxe4) 19... d4 20. Bd2 Be6 (20... Qxc2 21. fxe5 Be6 22. exf6 $18) 21. g5 hxg5 {[%emt 0:00:27] Black is much more active.} 22. fxg5 Nh7 $36 {[%emt 0:00:57][%mdl 2048] Black is on the roll.} 23. Nf5 Ra6 (23... Bxg5 24. Bxg5 Nxg5 25. Nxg7) (23... Nxg5 $6 24. Qg3 Bxf5 25. exf5 $14) (23... Bf8 $15 24. Rac1 Kh8) 24. Nxe7+ (24. h4 $1 $11) 24... Qxe7 $17 25. Qg3 Qc7 26. Rf2 {[%emt 0:03:29] [#]} Rc6 $1 (26... Qxc2 $6 27. g6 fxg6 (27... Qxb2 $2 28. gxh7+ Kh8 29. Rg1 $18) 28. Qxe5 $11 (28. Bg5 Qxf2 29. Qxf2 Nxg5 $15)) 27. Rc1 {[%emt 0:01:08] [#]} (27. Bf1 $17) 27... Nf8 $1 $19 (27... Rxc2 28. Rxc2 Qxc2 29. g6 Qd1+ 30. Kh2 $11) 28. Bf1 Ng6 ({Black should play} 28... Rxc2 $19 29. Rxc2 Qxc2 30. Bxb4 Qxe4+ 31. Bg2 Qb1+ 32. Rf1 Qxb2 33. Bxf8 Rxf8 (33... Kxf8 $2 34. Qh4 $19) 34. Qxe5 Qd2) 29. Bd3 $17 b3 30. c3 Bc4 31. Bxc4 $2 (31. Bf1 $17 {was the only chance.}) 31... Rxc4 $19 32. Rcf1 dxc3 (32... Rxa4 33. Rxf7 Rd7 (33... Qxf7 34. Rxf7 Ra1+ 35. Kh2 $11) 34. R7f5 $17 (34. Rxd7 Qxd7 35. Qd3 Qe6 $19)) 33. Bxc3 Rd7 (33... Rxe4 34. Rxf7 Qc4 (34... Qxf7 35. Rxf7 Kxf7 36. Qg2 $11) 35. R7f3 $19) (33... Nf4 34. g6 fxg6 35. Bxe5 Qxe5 36. Rxf4 Rxe4 37. Qxb3+ Kh7 38. Qg3 Rxf4 39. Qxf4 $17) 34. Qg4 $2 (34. Re1 {is a better defense.}) 34... Qc6 (34... Rxa4 $2 35. Rf3 $19) 35. Re1 Nf4 {[%emt 0:01:22] and ...Rd3 should not be overlooked} 36. Kh2 Rd3 {[%emt 0:01:45] Repels Re3} (36... Rxe4 37. Rxe4 (37. Bxa5 $2 {is the wrong capture.} Rxe1 38. Bxe1 Rd3 $19) 37... Rd3 38. Rfxf4 (38. Rxe5 Rxh3+ 39. Qxh3 Nxh3 $18) 38... exf4 39. g6 (39. Rxf4 Rxc3 40. bxc3 b2 $18) (39. Qxf4 Qc8 $18) 39... fxg6 (39... Rxc3 $2 40. bxc3 fxg6 41. Qe6+ Qxe6 42. Rxe6 $18) 40. Re7 (40. Rxf4 Rxc3 41. bxc3 b2 $18) (40. Qxf4 Qc8 $18) 40... Rxc3 41. bxc3 $18) 37. Bxe5 Rxh3+ 38. Kg1 Rxe4 39. Rxe4 Qxe4 40. Qc8+ Kh7 41. Rxf4 Rh1+ 42. Kf2 Rh2+ 0-1

[Event "Qatar Masters 2024"]
[Site "Doha"]
[Date "2024.12.03"]
[Round "1.46"]
[White "Goutham Krishna H"]
[Black "Heinemann, Josefine"]
[Result "1-0"]
[Annotator "TA"]
[ECO "A00"]
[WhiteElo "2466"]
[BlackElo "2314"]
[PlyCount "75"]
[EventDate "2024.11.24"]
[EventType "swiss"]
[EventCountry "QAT"]
[SourceTitle "playchess.com"]
[Source "ChessBase"]
[SourceQuality "1"]
[TimeControl "40/5400+30:1800+30"]

1. g3 d5 2. Bg2 e5 3. d3 Nf6 4. Nf3 Bd6 5. O-O O-O 6. c4 c6 7. cxd5 cxd5 8. Nc3 h6 9. e4 dxe4 10. dxe4 Nc6 11. h3 Bc5 12. Qe2 Nd4 13. Nxd4 Bxd4 14. Nb5 Bb6 15. Rd1 Qe7 16. Be3 Bxe3 17. Qxe3 a6 18. Nd6 Be6 (18... b5 $11) 19. Qc3 $16 Bd7 20. Rac1 (20. Nxb7 Bxh3 21. Bxh3 Qxb7 $14) (20. Rd2 $16) 20... Bc6 (20... Rab8 $14) 21. Nf5 Qe8 22. Qb4 Kh8 23. Rd6 {[%emt 0:02:50][%cal Od6f6] White has more active pieces.} Ng8 24. Rcd1 g6 25. Ne3 Qe7 26. Qc3 f6 27. Qd2 Kg7 (27... h5 $142) 28. Nc4 Rac8 29. b3 Rc7 30. f4 ({Better is} 30. Na5 $16) 30... exf4 $11 31. Qxf4 h5 32. h4 Nh6 33. e5 Ng4 (33... Nf5 $14 34. exf6+ Rxf6 35. Rxf6 Kxf6) 34. Bxc6 $16 {[%emt 0:00:18] and Rd7 should not be overlooked} fxe5 (34... Rxc6 $2 {too greedy.} 35. Rd7 Re6 36. Rxe7+ $18) 35. Qe4 Nf6 36. Qxe5 bxc6 $2 (36... Qxe5 $16 37. Nxe5 bxc6) 37. Re6 $18 Qf7 38. Rf1 1-0

[Event "Qatar Masters 2024"]
[Site "Doha"]
[Date "2024.12.03"]
[Round "1.47"]
[White "Vaibhav Jayant Raut"]
[Black "Suyarov, Mukhammadzokhid"]
[Result "1/2-1/2"]
[Annotator "TA"]
[ECO "E05"]
[WhiteElo "2304"]
[BlackElo "2464"]
[PlyCount "87"]
[EventDate "2024.11.24"]
[EventType "swiss"]
[EventCountry "QAT"]
[SourceTitle "playchess.com"]
[Source "ChessBase"]
[SourceQuality "1"]
[TimeControl "40/5400+30:1800+30"]

1. c4 e6 2. Nf3 Nf6 3. g3 d5 4. Bg2 Be7 5. d4 O-O 6. Qc2 dxc4 7. Qxc4 a6 8. a4 Bd7 9. O-O Bc6 10. Bg5 Nbd7 11. Rd1 h6 12. Bxf6 Nxf6 13. Nc3 Rc8 14. Rac1 Qd6 15. Qd3 Qb4 16. Qc2 Bxf3 17. Bxf3 c6 18. e3 Rfd8 19. Kg2 Rc7 20. Rb1 a5 21. Ne4 Rcd7 22. Nxf6+ Bxf6 23. h4 g6 24. h5 g5 25. b3 Bg7 26. Qc4 Bf8 27. g4 Qe7 28. Rd3 Qf6 29. Rbd1 Bd6 30. Qc3 Bb4 31. Qc4 Kg7 32. Be4 Qe7 33. Bf3 Rd6 34. Qc2 Kg8 35. Qc4 Qd7 36. e4 Qc8 37. d5 cxd5 38. exd5 Qxc4 39. bxc4 e5 40. Be4 $1 Rc8 41. Rc1 Kf8 42. Bf5 Rc7 43. Kf3 Rb6 44. Ke4 (44. Rb3 $14) 1/2-1/2

[Event "Qatar Masters 2024"]
[Site "Doha"]
[Date "2024.12.03"]
[Round "1.48"]
[White "Prraneeth Vuppala"]
[Black "Zhukova, Natalia"]
[Result "1-0"]
[Annotator "TA"]
[ECO "D35"]
[WhiteElo "2459"]
[BlackElo "2302"]
[PlyCount "63"]
[EventDate "2024.11.24"]
[EventType "swiss"]
[EventCountry "QAT"]
[SourceTitle "playchess.com"]
[Source "ChessBase"]
[SourceQuality "1"]
[TimeControl "40/5400+30:1800+30"]

1. d4 Nf6 2. c4 e6 3. Nc3 d5 4. cxd5 exd5 5. Bg5 c6 6. e3 Bd6 7. Bd3 O-O 8. Nf3 Re8 {[%emt 0:00:30] Prevents Ne5} 9. O-O Bg4 10. Qb3 Bxf3 11. gxf3 Qd7 12. Kg2 {[%emt 0:06:16] Bxf6 poses a challenge Dodges Qh3+} (12. Ne2 {simplifies} Be7 13. Ng3 g6 14. Rfc1) 12... Ne4 13. Nxe4 dxe4 14. Be2 {[%emt 0:01:55] Active counter play!} Na6 15. Bh4 Re6 16. Bg3 Rh6 {[%emt 0:01:19] ( -> ...Qh3+)} 17. h4 (17. fxe4 Qh3+ 18. Kg1 Bxg3) 17... exf3+ 18. Bxf3 Re8 19. h5 Nb4 20. e4 Bxg3 21. fxg3 Qxd4 22. Rad1 {[%emt 0:05:34][%cal Ba1d1,Bd1d7,Bd7f7][%mdl 32] Repels Nd3} Qc5 23. Rf2 {[%emt 0:00:13] Prevents Nc2} Qe7 {[%emt 0:04:14] [#] Prevents Rd7} 24. Bg4 $1 Rf6 25. Rxf6 gxf6 26. Bf5 $36 {[%emt 0:00:13][%mdl 2048] Strongly threatening Rd7. White is in control.} Na6 $2 (26... Nd5 $16) 27. Rd7 $18 Qf8 {[%emt 0:00:01] [#]} 28. Bxh7+ $1 Kg7 {[%emt 0:00:56] aiming for ...Nc5.} 29. h6+ $1 (29. Qxb7 Nc5 $17) 29... Kh8 30. Rxf7 Qxh6 31. Bf5 {[%emt 0:00:11] White threatens Rh7+ and mate.} ({Stronger than} 31. Qxb7 Nc5 32. Qxc6 Qd2+ 33. Kh3 Qh6+ 34. Kg2 Qd2+ 35. Kh3 Qh6+ 36. Kg2 $11) 31... Qd2+ 32. Kf3 1-0